 Dungeon Crawl Stone Soup version 0.24.1-14-gf8d2b509d9 (console) character file.

Game seed: 7889560542770080766, levelgen mode: deterministic

2402 Rpm the Fighter (level 9, 0/129 HPs)
             Began as a Minotaur Berserker on May 18, 2020.
             Was an Elder of Trog.
             Slain by zig's ghost (9 damage)
             ... on level 7 of the Dungeon.
             The game lasted 00:20:42 (5602 turns).

Rpm the Fighter (Minotaur Berserker)                Turns: 5602, Time: 00:20:42

Health: 0/129      AC:  7    Str: 29    XL:     9   Next: 23%
Magic:  8/8        EV: 11    Int:  4    God:    Trog [****..]
Gold:   58         SH:  0    Dex: 11    Spells: 8/8 levels left

rFire    . . .     SeeInvis +   a - +0 hand axe
rCold    . . .     Gourm    .   (no shield)
rNeg     . . .     Faith    .   w - +0 scale mail
rPois    .         Spirit   .   (helmet restricted)
rElec    .         Reflect  .   (no cloak)
rCorr    .         Harm     .   (no gloves)
MR       .....                  (no boots)
Stlth    ..........             (no amulet)
HPRegen  0.31/turn              e - ring of see invisible
MPRegen  0.11/turn              (no ring)

@: berserking, very quick
A: retaliatory headbutt, horns 2
a: Berserk, Trog's Hand, Brothers in Arms, Renounce Religion


You were on level 7 of the Dungeon.
You worshipped Trog.
Trog was greatly pleased with you.
You were near starving.

You visited 1 branch of the dungeon, and saw 7 of its levels.

You collected 450 gold pieces.
You spent 392 gold pieces at shops.

Inventory:

Hand Weapons
 a - a +0 hand axe (weapon)
Missiles
 r - 3 boomerangs (quivered)
Armour
 o - a +0 leather armour
 w - a +0 scale mail (worn)
Jewellery
 e - a ring of see invisible (left hand)
 j - an uncursed ring of protection from magic
 A - an uncursed ring of positive energy
Scrolls
 b - 3 scrolls of amnesia
 d - 4 scrolls of remove curse
 g - 3 scrolls of fog
 h - 2 scrolls of teleportation
 u - 3 scrolls of magic mapping
 v - 4 scrolls of fear
 y - a scroll of immolation {unknown}
Potions
 f - 2 potions of curing {unknown}
 i - a potion of might {unknown}
 k - 6 potions of heal wounds
 l - a potion of haste {unknown}
 m - a potion of brilliance {unknown}
 n - a potion of agility {unknown}
 p - 2 potions of flight
 s - a potion of berserk rage {unknown}
 t - a potion of magic {unknown}
 x - a potion of invisibility {unknown}
Comestibles
 c - 15 rations


   Skills:
 + Level 10.9 Fighting
 - Level 10.0 Axes
 * Level 5.6 Armour
 - Level 2.1 Dodging


You had 8 spell levels left.
You didn't know any spells.
Your spell library was empty.

Dungeon Overview and Level Annotations

Branches:
Dungeon (7/15)             Temple (0/1) D:4

Altars:
Dithmenos
Fedhas
Gozag
Makhleb
Nemelex Xobeh
Okawaru
Sif Muna
Trog
Uskayaw
Xom

Shops:
D:5 %   D:7 ?

Annotations:
D:7 1 transporter, zig's ghost, novice HOFi


Innate Abilities, Weirdness & Mutations

You reflexively headbutt those who attack you in melee.
You have a pair of horns on your head.


Message History

* * * LOW HITPOINT WARNING * * *
You hit zig's ghost.
Zig's ghost is severely damaged.
Your scale mail prevents you from hitting the moth of wrath.
Zig's ghost barely misses you.
You slash zig's ghost! You headbutt zig's ghost!
Zig's ghost is almost destroyed.
You slash the moth of wrath!
You kill the moth of wrath!
Trog accepts your kill.
Your Armour skill increases to level 5!
You closely miss zig's ghost. You headbutt zig's ghost!
Zig's ghost is almost destroyed.
Zig's ghost completely misses you.
You barely miss zig's ghost.
Zig's ghost is almost destroyed.
You hit zig's ghost. Your headbutt misses zig's ghost.
Zig's ghost is almost destroyed.
Zig's ghost hits you!
You die...

######### ....[.)## #####
..# # ###.©.# .. .. #
##..)#..# #.## #.##.
#...@###K.#..#
#....##...W#≈##.##.########
#...#......(#...#.........
#..©#©)..._(..Oy#©..#####.
##..#..#≈..(##.W#..######.
##.##.###.#≈####.## #....
#. ##. .### #..# #.##. ##
.. .# #.## ... ## ##. ..
..P.P


You could see zig's ghost.

Vanquished Creatures
  A moth of wrath (D:7)
  An ice beast (D:5)
  2 sky beasts
  3 ogres
  A phantom (D:5)
  2 centaurs
  2 big kobolds (D:7)
  3 bullfrogs (D:6)
  A wyvern skeleton (D:6)
  5 scorpions
  A howler monkey (D:5)
  A bullfrog zombie (D:6)
  A hound (D:5)
  2 jellies (D:6)
  3 orc priests
  A centaur skeleton (D:5)
  3 iguanas (D:4)
  A worker ant (D:6)
  A killer bee zombie (D:6)
  A hound skeleton (D:6)
  A howler monkey zombie (D:6)
  9 adders
  A shadow imp (D:6)
  An ooze (D:4)
  An adder skeleton (D:7)
  2 worms (D:5)
  3 dart slugs
  2 leopard geckos
  10 orcs
  9 bats
  4 giant cockroaches
  14 goblins
  7 hobgoblins
  12 jackals
  10 kobolds
  3 quokkas
  A ball python (D:4)
  7 frilled lizards
  A leopard gecko zombie (D:6)
  A quokka zombie (D:6)
  8 rats
143 creatures vanquished.

Notes
Turn   | Place    | Note
-------+----------+-------------------------------------------
     0 | D:1      | Rpm the Minotaur Berserker began the quest for the Orb.
     0 | D:1      | Reached XP level 1. HP: 19/19 MP: 0/0
   151 | D:1      | Reached XP level 2. HP: 25/27 MP: 1/1
   269 | D:1      | Reached ** piety under Trog
   398 | D:1      | Reached XP level 3. HP: 27/33 MP: 2/2
  1039 | D:2      | Noticed a +0 hand axe
  1040 | D:2      | Noticed a +0 hand axe
  1042 | D:2      | Found a hide-covered altar of Uskayaw.
  1059 | D:2      | Reached skill level 5 in Axes
  1584 | D:2      | Reached XP level 4. HP: 31/41 MP: 3/3
  1802 | D:3      | Reached XP level 5. HP: 47/47 MP: 4/4
  1848 | D:3      | Reached skill level 5 in Fighting
  1942 | D:3      | Reached *** piety under Trog
  2398 | D:4      | Reached XP level 6. HP: 44/56 MP: 5/5
  2743 | D:4      | Found a staircase to the Ecumenical Temple.
  3294 | D:5      | Entered Level 5 of the Dungeon
  3358 | D:5      | Reached XP level 7. HP: 35/63 MP: 6/6
  3698 | D:5      | Found Tilunk Meca's Food Boutique.
  3728 | D:5      | Found an iron altar of Okawaru.
  3912 | D:5      | Bought a ration for 70 gold pieces
  3912 | D:5      | Bought a ration for 70 gold pieces
  3912 | D:5      | Bought a ration for 70 gold pieces
  3912 | D:5      | Bought a ration for 70 gold pieces
  3912 | D:5      | Bought a ration for 70 gold pieces
  4062 | D:5      | Found a glowing drain.
  4256 | D:6      | Found a burning altar of Makhleb.
  4279 | D:6      | Found an opulent altar of Gozag.
  4279 | D:6      | Found a shadowy altar of Dithmenos.
  4280 | D:6      | Found a shimmering blue altar of Sif Muna.
  4284 | D:6      | Found a shimmering altar of Xom.
  4285 | D:6      | Found a bloodstained altar of Trog.
  4542 | D:6      | Reached XP level 8. HP: 68/73 MP: 7/7
  4583 | D:6      | Found a sparkling altar of Nemelex Xobeh.
  4601 | D:6      | Reached **** piety under Trog
  4601 | D:6      | Reached skill level 10 in Axes
  5285 | D:7      | Found Ynihi's Magic Scroll Emporium.
  5294 | D:7      | Bought a scroll of magic mapping for 42 gold pieces
  5341 | D:7      | Reached skill level 10 in Fighting
  5475 | D:7      | Found a blossoming altar of Fedhas.
  5509 | D:7      | Found a transporter.
  5512 | D:7      | Noticed a moth of wrath
  5515 | D:7      | Noticed zig's ghost (novice HOFi)
  5517 | D:7      | Found a bloodstained altar of Trog.
  5517 | D:7      | Found a transporter.
  5569 | D:7      | Reached XP level 9. HP: 77/86 MP: 8/8
  5599 | D:7      | Killed a moth of wrath
  5599 | D:7      | Reached skill level 5 in Armour
  5602 | D:7      | Slain by zig's ghost

Levels and vault maps discovered:
D:1:      dpeg_arrival_lava_temple_mockup, layout_basic
D:2:      layout_basic, dancing_weapons_uskayaw
D:3:      layout_rooms
D:4:      layout_gridville, minmay_temple_entry_gardened_gates, first_ration
D:5:      layout_rooms, nicolae_tso_carved_into_rock,
          kennysheep_okawaru_gauntlet, serial_shops, nicolae_shop_statue_plus,
          cheibrodos_sewer_entry_bend
D:6:      layout_rooms, kennysheep_little_box, minitemple
D:7:      layout_loops_ring, fedhas_altar_1, elyvilon_altar_1,
          gammafunk_ghost_wrathful_warriors, serial_shops, shop,
          nicolae_zen_rock_garden, grunt_ogre_cave

Skill      XL: |  1  2  3  4  5  6  7  8  9 |
---------------+----------------------------+-----
Axes           | 4 5 6 7 8 9 10 | 10.0
Fighting       | 4 5 6 7 10 | 10.9
Armour         | 4 5 |  5.6
Dodging        | |  2.1

Action                   |  1- 3 |  4- 6 |  7- 9 || total
-------------------------+-------+-------+-------++-------
Melee: Hand axe          |    81 |   115 |   183 ||   379
       Headbutt          |     9 |    24 |    45 ||    78
Throw: Boomerang         |       |       |     4 ||     4
Invok: Berserk           |     1 |     1 |     1 ||     3
  Use: Scroll            |       |     5 |     5 ||    10
  Eat: Chunk             |     3 |     7 |     3 ||    13
       Ration            |       |       |     1 ||     1
Armor: Animal skin       |    27 |       |       ||    27
       Leather armour    |     1 |    16 |       ||    17
       Scale mail        |       |     8 |    64 ||    72
Dodge: Dodged            |    67 |    61 |    78 ||   206
